 Dungeon Crawl Stone Soup version 0.19.4-8-ga85b6b9 (webtiles) character file.

755 Agrougrou the Slasher (level 7, -2/61 HPs)
             Began as a Minotaur Fighter on Feb 8, 2017.
             Shot with an arrow by a centaur (9 damage)
             ... on level 3 of the Dungeon.
             The game lasted 00:13:07 (4075 turns).

Agrougrou the Slasher (Minotaur Fighter)            Turns: 4075, Time: 00:13:08

Health: -2/61      AC: 10    Str: 20    XL:     7   Next: 49%
Magic:  6/6        EV:  7    Int:  5    God:
Gold:   251        SH: 10    Dex: 12    Spells: 0 memorised, 6 levels left

rFire  . . .     SeeInvis .     a - +0 long sword
rCold  . . .     Gourm    .     y - +0 chain mail
rNeg   . . .     Faith    .     c - +0 shield
rPois  .         Spirit   .     (helmet restricted)
rElec  .         Reflect  .     (no cloak)
rCorr  .         Harm     .     (no gloves)
MR     .....                    (no boots)
Stlth  ..........               (no amulet)
                                (no ring)
                                (no ring)

@: lethally poisoned (-2 -> -2), very slightly contaminated
A: retaliatory headbutt, horns 2
a: no special abilities


You were on level 3 of the Dungeon.
You were hungry.

You visited 1 branch of the dungeon, and saw 4 of its levels.

You collected 251 gold pieces.

Inventory:

Hand Weapons
 a - a +0 long sword (weapon)
Missiles
 l - 79 stones (quivered)
Armour
 c - a +0 shield (worn)
 y - a +0 chain mail (worn)
Wands
 h - a wand of polymorph (12/24)
 o - a wand of random effects (29/48)
Scrolls
 e - 3 scrolls of blinking
 i - 2 scrolls of remove curse {unknown}
 j - 8 scrolls of identify {unknown}
 k - 2 scrolls of amnesia {unknown}
 m - 2 scrolls of enchant armour {unknown}
 q - a scroll of fear {unknown}
 t - a scroll of teleportation {unknown}
Potions
 b - a potion of cure mutation {unknown}
 d - a potion of might
 n - 2 potions of curing
 p - a potion of magic {unknown}
 r - a potion of cancellation {unknown}
 s - 2 potions of flight {unknown}
 v - a potion of lignification {unknown}
 w - a potion of haste {unknown}
Comestibles
 f - 5 bread rations
 g - 4 meat rations
 u - 5 fruits
 x - 9 chunks of flesh


   Skills:
 + Level 5.1 Fighting
 + Level 6.1 Long Blades
 + Level 5.6 Armour
 * Level 3.8 Dodging
 + Level 5.3 Shields


You had 6 spell levels left.
You didn't know any spells.

Dungeon Overview and Level Annotations

Branches:
Dungeon (4/15)
 Temple: D:4-7

Altars:
Ashenzari
Gozag
Xom

Annotations:
D:4 Eustachio


Innate Abilities, Weirdness & Mutations

You reflexively headbutt those who attack you in melee.
You have a pair of horns on your head.


Message History

You block the ogre's attack.
You slash the worker ant!
You kill the worker ant!
You feel sick.
The centaur shoots an arrow.
You block the arrow. The ogre hits you with a giant club!!
* * * LOW HITPOINT WARNING * * *
Blink to where?
Press: ? - help, Dir - move target cursor You are very lightly contaminated with residual magic.
As you read the scroll labeled DEVAON ZIUG, it crumbles to dust.
It was a scroll of blinking.
You feel sick.
The centaur shoots an arrow.
The arrow hits you but does no damage.
You see here an arrow.
The centaur shoots an arrow.
The arrow hits you.
* * * LOW HITPOINT WARNING * * *
You see here an arrow.
You feel sick.
The centaur shoots an arrow.
The arrow hits you!
You die...

####### ##.....##
##.......## #....>....#
#.8...@.8.## #......(...#
##..8.8....# ##........#
##...(...# ##....O.#
##...c.# #.....#
###########.....############


You could see an ogre and a centaur.

Vanquished Creatures
  Grinder (D:3)
  A phantom (D:4)
  A scorpion (D:3)
  A hound (D:4)
  An orc priest (D:4)
  Terence (D:3)
  An orc wizard (D:3)
  3 worker ants (D:3)
  Robin (D:2)
  8 adders
  4 gnolls (D:3)
  2 oozes
  3 worms
  3 dart slugs
  A leopard gecko (D:3)
  16 orcs
  2 giant cockroaches (D:2)
  9 hobgoblins
  6 kobolds
  A quokka (D:3)
  6 bats
  8 frilled lizards
  15 goblins
  7 rats
102 creatures vanquished.

Notes
Turn   | Place    | Note
-------+----------+-------------------------------------------
     0 | D:1      | Agrougrou the Minotaur Fighter began the quest for the Orb.
     0 | D:1      | Reached XP level 1. HP: 19/19 MP: 0/0
   150 | D:1      | Reached XP level 2. HP: 25/27 MP: 1/1
   232 | D:1      | Reached skill level 1 in Dodging
   598 | D:1      | Reached XP level 3. HP: 32/33 MP: 2/2
   751 | D:2      | Found an opulent altar of Gozag.
   751 | D:2      | Found a shattered altar of Ashenzari.
   754 | D:2      | Found a shimmering altar of Xom.
  1056 | D:2      | Noticed Robin
  1077 | D:2      | Reached skill level 3 in Long Blades
  1091 | D:2      | Killed Robin
  1115 | D:2      | Reached XP level 4. HP: 18/40 MP: 3/3
  1817 | D:2      | Reached skill level 4 in Long Blades
  2162 | D:3      | Noticed Grinder
  2176 | D:3      | Killed Grinder
  2176 | D:3      | Reached skill level 5 in Long Blades
  2176 | D:3      | Reached XP level 5. HP: 22/47 MP: 4/4
  2176 | D:3      | Reached XP level 6. HP: 26/55 MP: 5/5
  2358 | D:3      | Found a faded altar of an unknown god.
  2685 | D:3      | Noticed Terence
  2718 | D:3      | Killed Terence
  2718 | D:3      | Reached skill level 5 in Fighting
  2917 | D:3      | Reached skill level 5 in Armour
  3518 | D:3      | Reached XP level 7. HP: 18/61 MP: 6/6
  3535 | D:3      | Reached skill level 5 in Shields
  3925 | D:4      | Reached skill level 6 in Long Blades
  4058 | D:4      | Noticed Eustachio
  4075 | D:3      | Shot with an arrow by a centaur

Skill      XL: |  1  2  3  4  5  6  7 |
---------------+----------------------+-----
Dodging        | 1 2 3 |  3.8
Shields        | 4 5 |  5.3
Armour         | 4 5 |  5.6
Fighting       | 4 5 |  5.1
Long Blades    | 3 5 6 |  6.1

Action                   |  1- 3 |  4- 6 |  7- 9 || total
-------------------------+-------+-------+-------++-------
Melee: Long sword        |   110 |   159 |    47 ||   316
       Headbutt          |    15 |    24 |     6 ||    45
  Use: Scroll            |       |       |     1 ||     1
       Potion            |       |       |     1 ||     1
  Eat: Chunk             |     1 |     3 |     1 ||     5
       Meat ration       |       |     1 |       ||     1
Armor: Scale mail        |    40 |    45 |    16 ||   101
       Chain mail        |       |       |    10 ||    10
Dodge: Dodged            |    38 |    58 |    22 ||   118
Block: Shield            |    46 |   102 |    31 ||   179
       Rpst.: Long sword |     8 |    16 |     5 ||    29
